3AAA
HOUSTON BC @ SUNSET DISTRICT FOG
08/17/2022
 
TOP OF THE 1ST
Houston BC batting - Pitching for Sunset District Fog : RHP Júlio Saldańa
Pitching: RHP Júlio Saldańa
Batting: RHB José Muńóz 0-0: Ground out 6-3 (Groundball, 6)
Batting: RHB Ángel González 0-0: SINGLE (Groundball, 56D)
Batting: LHB Yun Yen 0-0: Called Strike
0-1: Ball
1-1: Ball
2-1: DOUBLE (Line Drive, 7LM)
Ángel González to third
Runner from 3rd tries for Home, SAFE, no throw or cutoff
Batting: LHB Jesús Reyes 0-0: Ball
1-0: Called Strike
1-1: SINGLE (Line Drive, 4MD)
Yun Yen to third
Batting: RHB Micah Miller 0-0: Ball
1-0: Called Strike
1-1: SINGLE (Flyball, 78S)
Yun Yen scores
Jesús Reyes to second
Batting: LHB António Rivera 0-0: SINGLE (Groundball, 4MD)
Jesús Reyes to third
Micah Miller to second
Batting: RHB Ludovico Trezza 0-0: Ball
1-0: Ball
2-0: Grounds into fielders choice 1-2 (Groundball, 15)
Micah Miller to third
António Rivera to second
Batting: RHB António Alvarado 0-0: Ground out 1-3 (Groundball, 13)
Top of the 1st over - 2 run(s), 5 hit(s), 0 error(s), 3 left on base; Houston 2 - Sunset District 0
BOTTOM OF THE 1ST
Sunset District Fog batting - Pitching for Houston BC : RHP Ken Carter
Pitching: RHP Ken Carter
Batting: RHB Rafael Durango 0-0: SINGLE (Line Drive, 7LS)
Batting: RHB Manuel Rodríguez 0-0: Ball
Throwing error on steal attempt, E2
Rafael Durango to third
1-0: Ground out 5-3 (Groundball, 5)
Batting: RHB Jim Lee 0-0: Called Strike
0-1: Ball
1-1: Fly out, F8 (Flyball, 8RXD)
Runner from 3rd tags up, SCORES, no throw
Batting: RHB Zach King 0-0: Ball
1-0: Called Strike
1-1: Ground out 6-3 (Groundball, 6)
Bottom of the 1st over - 1 run(s), 1 hit(s), 1 error(s), 0 left on base; Houston 2 - Sunset District 1
TOP OF THE 2ND
Houston BC batting - Pitching for Sunset District Fog : RHP Júlio Saldańa
Batting: RHB Bobby Buck 0-0: Called Strike
0-1: Called Strike
0-2: Strikes out swinging
Batting: RHB José Muńóz 0-0: Ball
1-0: Ball
2-0: Ball
3-0: Called Strike
3-1: Fly out, F7 (Flyball, 7D)
Batting: RHB Ángel González 0-0: Ball
1-0: Ball
2-0: Called Strike
2-1: Called Strike
2-2: Ball
3-2: Fly out, F7 (Flyball, 78M)
Top of the 2nd over - 0 run(s), 0 hit(s), 0 error(s), 0 left on base; Houston 2 - Sunset District 1
BOTTOM OF THE 2ND
Sunset District Fog batting - Pitching for Houston BC : RHP Ken Carter
Batting: RHB Marshall Attwood 0-0: SINGLE (Groundball, 56)
Batting: RHB Roberto Andrade 0-0: Swinging Strike
0-1: Swinging Strike
0-2: Strikes out swinging
Batting: RHB Luis Silva 0-0: Ball
1-0: Ball
2-0: Fly out, F9 (Flyball, 9D)
Batting: RHB Rafael Najcrea 0-0: Called Strike
0-1: Swinging Strike
0-2: Strikes out swinging
Bottom of the 2nd over - 0 run(s), 1 hit(s), 0 error(s), 1 left on base; Houston 2 - Sunset District 1
TOP OF THE 3RD
Houston BC batting - Pitching for Sunset District Fog : RHP Júlio Saldańa
Batting: LHB Yun Yen 0-0: Foul Ball, location: 2F
0-1: DOUBLE (Flyball, 89XD)
Batting: LHB Jesús Reyes 0-0: Ball
1-0: Called Strike
1-1: DOUBLE (Line Drive, 8RXD)
Yun Yen scores
Batting: RHB Micah Miller 0-0: Ball
1-0: Ball
2-0: Ball
3-0: Base on Balls
Batting: LHB António Rivera 0-0: Called Strike
0-1: Ball
1-1: Foul Ball, location: 2F
1-2: Ball
2-2: Grounds into double play, 4-6-3 (Groundball, 4)
Jesús Reyes to third
Batting: RHB Ludovico Trezza 0-0: Ball
1-0: Swinging Strike
1-1: Swinging Strike
1-2: Ball
2-2: SINGLE (Flyball, 7LM)
Jesús Reyes scores
Batting: RHB António Alvarado 0-0: Ball
1-0: Called Strike
1-1: Called Strike
Ludovico Trezza steals 2nd base
1-2: Ground out 5-3 (Groundball, 5L)
Top of the 3rd over - 2 run(s), 3 hit(s), 0 error(s), 1 left on base; Houston 4 - Sunset District 1
BOTTOM OF THE 3RD
Sunset District Fog batting - Pitching for Houston BC : RHP Ken Carter
Batting: RHB Steve McLeod 0-0: Called Strike
0-1: Ball
1-1: Ball
2-1: SINGLE (Line Drive, 7LM)
Batting: RHB Rafael Durango 0-0: Ball
1-0: Ball
2-0: Called Strike
2-1: Foul Ball, location: 2F
2-2: Fielders Choice at 2nd, 1-4 (Groundball, 13)
Batting: RHB Manuel Rodríguez 0-0: Grounds into double play, 4-6-3 (Groundball, 4)
Bottom of the 3rd over - 0 run(s), 1 hit(s), 0 error(s), 0 left on base; Houston 4 - Sunset District 1
TOP OF THE 4TH
Houston BC batting - Pitching for Sunset District Fog : RHP Júlio Saldańa
Batting: RHB Bobby Buck 0-0: Ball
1-0: Called Strike
1-1: Ball
2-1: Foul Ball, location: 2F
2-2: Foul Ball, location: 2F
2-2: Foul Ball, location: 2F
2-2: Ball
3-2: Fly out, F5 (Line Drive, 5)
Batting: RHB José Muńóz 0-0: Called Strike
0-1: Ball
1-1: Ground out 6-3 (Groundball, 6M)
Batting: RHB Ángel González 0-0: Ball
1-0: Ball
2-0: Called Strike
2-1: Foul Ball, location: 2F
2-2: Hit by Pitch
Batting: LHB Yun Yen 0-0: Ball
1-0: Swinging Strike
1-1: Called Strike
1-2: Ground out U3 (Groundball, 3)
Top of the 4th over - 0 run(s), 0 hit(s), 0 error(s), 1 left on base; Houston 4 - Sunset District 1
BOTTOM OF THE 4TH
Sunset District Fog batting - Pitching for Houston BC : RHP Ken Carter
Batting: RHB Jim Lee 0-0: Called Strike
0-1: Swinging Strike
0-2: Ball
1-2: Ball
2-2: Ball
3-2: Strikes out swinging, 2-3 out at first.
Batting: RHB Zach King 0-0: Ball
1-0: Swinging Strike
1-1: Fly out, F6 (Popup, 5DF)
Batting: RHB Marshall Attwood 0-0: Ground out 5-3 (Groundball, 56S)
Bottom of the 4th over - 0 run(s), 0 hit(s), 0 error(s), 0 left on base; Houston 4 - Sunset District 1
TOP OF THE 5TH
Houston BC batting - Pitching for Sunset District Fog : RHP Júlio Saldańa
Batting: LHB Jesús Reyes 0-0: Called Strike
0-1: SINGLE (Groundball, 34D)
Batting: RHB Micah Miller 0-0: Grounds into double play, 6-4-3 (Groundball, 6)
Batting: LHB António Rivera 0-0: Ball
1-0: Swinging Strike
1-1: Called Strike
1-2: Ball
2-2: SINGLE (Groundball, 34S)
Batting: RHB Ludovico Trezza Pickoff Throw to First - Error! E1
António Rivera to second
0-0: Reached on error, E4 (Groundball, 4M)
António Rivera to third
Batting: RHB António Alvarado 0-0: Foul Ball, location: 2F
0-1: Swinging Strike
0-2: Ball
1-2: Ball
2-2: SINGLE (Groundball, 56D)
António Rivera scores
Ludovico Trezza to second
Runner from 2nd tries for 3rd, SAFE, no throw or cutoff
Batting: RHB Bobby Buck 0-0: Ball
1-0: Fly out, F4 (Popup, 34)
Top of the 5th over - 1 run(s), 3 hit(s), 2 error(s), 2 left on base; Houston 5 - Sunset District 1
BOTTOM OF THE 5TH
Sunset District Fog batting - Pitching for Houston BC : RHP Ken Carter
Batting: RHB Roberto Andrade 0-0: Ball
1-0: Foul Ball, location: 2F
1-1: Called Strike
1-2: Ball
2-2: Foul Ball, location: 2F
2-2: DOUBLE (Flyball, 78XD)
Batting: RHB Luis Silva 0-0: Called Strike
0-1: Foul Ball, location: 2F
0-2: Ball
1-2: Strikes out looking
Batting: RHB Rafael Najcrea 0-0: Ball
1-0: Foul Ball, location: 2F
1-1: Fly out, F1 (Popup, 15)
Batting: RHB Steve McLeod 0-0: Foul Ball, location: 2F
0-1: Ball
1-1: SINGLE (Groundball, 56D)
Roberto Andrade to third
Runner from 3rd tries for Home, SAFE, no throw or cutoff
Batting: RHB Rafael Durango 0-0: Ball
1-0: Ball
Steve McLeod steals 2nd base
2-0: Called Strike
2-1: Swinging Strike
2-2: Ground out 6-3 (Groundball, 6M)
Bottom of the 5th over - 1 run(s), 2 hit(s), 0 error(s), 1 left on base; Houston 5 - Sunset District 2
TOP OF THE 6TH
Houston BC batting - Pitching for Sunset District Fog : RHP Júlio Saldańa
Batting: RHB José Muńóz 0-0: Ball
1-0: Ground out 5-3 (Groundball, 5S)
Batting: RHB Ángel González 0-0: Called Strike
0-1: Fly out, F5 (Line Drive, 5)
Batting: LHB Yun Yen 0-0: Called Strike
0-1: Ball
1-1: Foul Ball, location: 2F
1-2: Ball
2-2: Ground out 4-3 (Groundball, 4)
Top of the 6th over - 0 run(s), 0 hit(s), 0 error(s), 0 left on base; Houston 5 - Sunset District 2
BOTTOM OF THE 6TH
Sunset District Fog batting - Pitching for Houston BC : RHP Ken Carter
Batting: RHB Manuel Rodríguez 0-0: Ground out 1-3 (Groundball, 15S)
Batting: RHB Jim Lee 0-0: Called Strike
0-1: Swinging Strike
0-2: Ball
1-2: Ball
2-2: Ball
3-2: Base on Balls
Batting: RHB Zach King 0-0: Ball
1-0: Swinging Strike
1-1: Swinging Strike
1-2: Foul Ball, location: 2F
1-2: Ball
2-2: Foul Ball, location: 2F
2-2: SINGLE (Groundball, 6MD)
Jim Lee to second
Batting: RHB Marshall Attwood 0-0: Ball
Wild Pitch!
Jim Lee to third
Zach King to second
1-0: Fly out, F6 (Popup, 5D)
Batting: RHB Roberto Andrade 0-0: Swinging Strike
0-1: Ball
1-1: Ball
2-1: Foul Ball, location: 2F
2-2: Foul Ball, location: 2F
2-2: Foul Ball, location: 2F
2-2: Fly out, F7 (Flyball, 7D)
Bottom of the 6th over - 0 run(s), 1 hit(s), 0 error(s), 2 left on base; Houston 5 - Sunset District 2
TOP OF THE 7TH
Houston BC batting - Pitching for Sunset District Fog : RHP Júlio Saldańa
Pitching: RHP Dave Mitchell
Batting: LHB Jesús Reyes 0-0: Ball
1-0: Ball
2-0: Ball
3-0: Base on Balls
Batting: RHB Micah Miller 0-0: Called Strike
0-1: Ball
1-1: Swinging Strike
1-2: Ball
2-2: Ball
3-2: Foul Ball, location: 2F
3-2: Base on Balls
Jesús Reyes to second
Batting: LHB António Rivera 0-0: Ball
1-0: Ball
2-0: Foul Ball, location: 2F
2-1: Called Strike
2-2: Ball
3-2: Foul Ball, location: 2F
3-2: Strikes out swinging
Batting: RHB Ludovico Trezza 0-0: Ball
1-0: Called Strike
1-1: Fielders Choice at 2nd, 5-4 (Groundball, 56)
Jesús Reyes to third
Batting: RHB António Alvarado 0-0: Called Strike
0-1: Foul Ball, location: 2F
0-2: Ball
1-2: Ball
2-2: Strikes out swinging
Top of the 7th over - 0 run(s), 0 hit(s), 0 error(s), 2 left on base; Houston 5 - Sunset District 2
BOTTOM OF THE 7TH
Sunset District Fog batting - Pitching for Houston BC : RHP Ken Carter
Batting: RHB Luis Silva 0-0: DOUBLE (Groundball, 3D)
Batting: RHB Rafael Najcrea 0-0: Ball
1-0: Swinging Strike
1-1: Foul Ball, location: 2F
1-2: Foul Ball, location: 2F
1-2: Ball
2-2: Ball
3-2: Strikes out swinging wild pitch, reaches first!
Luis Silva to third
Batting: RHB Steve McLeod 0-0: Grounds into double play, 6-4-3 (Groundball, 6)
Luis Silva scores
Batting: RHB Rafael Durango 0-0: Ball
1-0: Called Strike
1-1: Called Strike
1-2: Ground out 5-3 (Groundball, 56S)
Bottom of the 7th over - 1 run(s), 1 hit(s), 0 error(s), 0 left on base; Houston 5 - Sunset District 3
TOP OF THE 8TH
Houston BC batting - Pitching for Sunset District Fog : RHP Dave Mitchell
Batting: RHB Bobby Buck 0-0: Foul Ball, location: 2F
0-1: Ball
1-1: Swinging Strike
1-2: Strikes out looking
Batting: RHB José Muńóz 0-0: Called Strike
0-1: Called Strike
0-2: Ball
1-2: Ball
2-2: Foul Ball, location: 2F
2-2: Strikes out swinging
Batting: RHB Ángel González 0-0: Called Strike
0-1: Ball
1-1: Foul Ball, location: 2F
1-2: Strikes out swinging
Top of the 8th over - 0 run(s), 0 hit(s), 0 error(s), 0 left on base; Houston 5 - Sunset District 3
BOTTOM OF THE 8TH
Sunset District Fog batting - Pitching for Houston BC : RHP Ken Carter
Batting: RHB Manuel Rodríguez 0-0: Ball
1-0: Ground out U3 (Groundball, 3S)
Batting: RHB Jim Lee 0-0: Ball
1-0: Ball
2-0: Foul Ball, location: 2F
2-1: Ground out 1-3 (Groundball, 25)
Batting: RHB Zach King 0-0: Ball
1-0: Fly out, F9 (Flyball, 89M)
Bottom of the 8th over - 0 run(s), 0 hit(s), 0 error(s), 0 left on base; Houston 5 - Sunset District 3
TOP OF THE 9TH
Houston BC batting - Pitching for Sunset District Fog : RHP Dave Mitchell
Batting: LHB Yun Yen 0-0: Foul Ball, location: 2F
0-1: Swinging Strike
0-2: Ball
1-2: Ball
2-2: Foul Ball, location: 2F
2-2: Foul Ball, location: 2F
2-2: Foul Ball, location: 2F
2-2: Ball
3-2: Foul Ball, location: 2F
3-2: Fly out, F8 (Flyball, 8LD)
Batting: LHB Jesús Reyes 0-0: Called Strike
0-1: Ball
1-1: Ball
2-1: Ball
3-1: Called Strike
3-2: Strikes out swinging
Batting: RHB Micah Miller 0-0: Ball
1-0: Fly out, F9 (Flyball, 9M)
Top of the 9th over - 0 run(s), 0 hit(s), 0 error(s), 0 left on base; Houston 5 - Sunset District 3
BOTTOM OF THE 9TH
Sunset District Fog batting - Pitching for Houston BC : RHP Ken Carter
Pitching: LHP Dave Montalvo
Now at 3B: Paul Arthur
Batting: RHB Marshall Attwood 0-0: Ball
1-0: Ball
2-0: SINGLE (Line Drive, 78S)
Batting: RHB Roberto Andrade 0-0: Ball
1-0: Called Strike
1-1: Ball
2-1: Swinging Strike
2-2: Ball
3-2: Foul Ball, location: 2F
3-2: Base on Balls
Marshall Attwood to second
Pinch Runner at 2nd Michael Hart:
Batting: RHB Luis Silva 0-0: Reached on error, E2 (Groundball, 2R)
Michael Hart scores
Roberto Andrade to third
Batting: RHB Rafael Najcrea 0-0: Ball
1-0: Ball
2-0: Ground out 1-3 (Groundball, 13S)
Batting: RHB Steve McLeod 0-0: Ball
1-0: Ball
2-0: Ball
3-0: Called Strike
3-1: Called Strike
3-2: Foul Ball, location: 2F
3-2: Foul Ball, location: 2F
3-2: Foul Ball, location: 2F
3-2: Fly out, F9 (Flyball, 89M)
Runner from 3rd tags up, SCORES, no throw
Batting: RHB Rafael Durango 0-0: Called Strike
0-1: Called Strike
0-2: Strikes out looking
Bottom of the 9th over - 2 run(s), 1 hit(s), 1 error(s), 1 left on base; Houston 5 - Sunset District 5
TOP OF THE 10TH
Houston BC batting - Pitching for Sunset District Fog : RHP Dave Mitchell
Pitching: LHP Ron Barry
Pinch Hitting: RHB Max White 0-0: Called Strike
0-1: Ball
1-1: Swinging Strike
1-2: Strikes out looking
Batting: RHB Ludovico Trezza 0-0: Ball
1-0: Swinging Strike
1-1: DOUBLE (Line Drive, 34D)
Batting: RHB António Alvarado 0-0: Ball
Ludovico Trezza steals 3rd base
1-0: Foul Ball, location: 2F
1-1: Ball
2-1: Swinging Strike
2-2: Ground out 6-3 (Groundball, 6)
Batting: RHB Bobby Buck 0-0: Ground out 6-3 (Groundball, 6)
Top of the 10th over - 0 run(s), 1 hit(s), 0 error(s), 1 left on base; Houston 5 - Sunset District 5
BOTTOM OF THE 10TH
Sunset District Fog batting - Pitching for Houston BC : LHP Dave Montalvo
Now at SS: Jim Unknown
Batting: RHB Manuel Rodríguez 0-0: Ground out 5-3 (Groundball, 5)
Batting: RHB Jim Lee 0-0: Ball
1-0: Ball
2-0: Ball
3-0: Called Strike
3-1: Foul Ball, location: 2F
3-2: Foul Ball, location: 2F
3-2: Ground out 6-3 (Groundball, 6)
Batting: RHB Zach King 0-0: Fly out, F8 (Flyball, 8LM)
Bottom of the 10th over - 0 run(s), 0 hit(s), 0 error(s), 0 left on base; Houston 5 - Sunset District 5
TOP OF THE 11TH
Houston BC batting - Pitching for Sunset District Fog : LHP Ron Barry
Batting: RHB José Muńóz 0-0: Called Strike
0-1: Swinging Strike
0-2: SINGLE (Line Drive, 6MD)
Batting: RHB Ángel González 0-0: Ball
1-0: Ball
2-0: Bunted foul
2-1: Bunted foul
2-2: Ball
3-2: Base on Balls
José Muńóz to second
Batting: LHB Yun Yen 0-0: Fielders Choice at 2nd, 1-4 (Groundball, 15S)
José Muńóz to third
Batting: LHB Jesús Reyes 0-0: Called Strike
0-1: Fly out, F4 (Line Drive, 4)
Batting: RHB Paul Arthur 0-0: Ball
1-0: Called Strike
1-1: Ball
2-1: Ball
3-1: Foul Ball, location: 2F
3-2: Base on Balls
Yun Yen to second
Batting: RHB Jim Unknown 0-0: Called Strike
0-1: Ball
1-1: SINGLE (Groundball, 6S)
José Muńóz scores
Yun Yen to third
Paul Arthur to second
Runner from 3rd tries for Home, SAFE, no throw or cutoff
Batting: RHB Ludovico Trezza 0-0: Ground out 1-3 (Groundball, 23)
Top of the 11th over - 2 run(s), 2 hit(s), 0 error(s), 2 left on base; Houston 7 - Sunset District 5
BOTTOM OF THE 11TH
Sunset District Fog batting - Pitching for Houston BC : LHP Dave Montalvo
Batting: RHB Michael Hart 0-0: Ball
1-0: Fly out, F8 (Line Drive, 8LM)
Batting: RHB Roberto Andrade 0-0: Ball
1-0: Ground out 6-3 (Groundball, 6)
Batting: RHB Luis Silva 0-0: Foul Ball, location: 2F
0-1: Ball
1-1: Foul Ball, location: 2F
1-2: Ball
2-2: Ball
3-2: Base on Balls
Batting: RHB Rafael Najcrea 0-0: Called Strike
0-1: Called Strike
0-2: Ball
1-2: Ball
2-2: Ball
3-2: Foul Ball, location: 2F
3-2: Fly out, F3 (Popup, 23F)
Bottom of the 11th over - 0 run(s), 0 hit(s), 0 error(s), 1 left on base; Houston 7 - Sunset District 5
This league is powered by Out of the Park Baseball, the baseball management simulation game for PC, Mac and Linux
Friday, April 15th, 2016 - OOTP Baseball 16.9 Build 39